 Dungeon Crawl Stone Soup version 0.27-a0-1545-g3eddc1d3d3 (webtiles) character file.

Game seed: 14065099188541963798

78 MacCMillion the Digger (level 4, 24/24 HPs)
             Began as a Gargoyle Earth Elementalist on July 13, 2021.
             Quit the game on level 1 of the Dungeon.
             The game lasted 00:09:50 (3185 turns).

MacCMillion the Digger (GrEE)                       Turns: 3185, Time: 00:09:51

Health: 24/24      AC:  5    Str:  9 (11) XL:     4   Next: 36%
Magic:  7/7        EV: 11    Int: 16 (17) God:
Gold:   68         SH:  0    Dex:  8 (10) Spells: 6/7 levels left

rFire    . . .     SeeInvis .   h - +0 club
rCold    . . .     Faith    .   (no shield)
rNeg     + . .     Spirit   .   b - +0 robe
rPois    ∞         Reflect  .   (no helmet)
rElec    +         Harm     .   (no cloak)
rCorr    .         Rampage  .   (no gloves)
Will     .....                  (no boots)
Stlth    ++........             (no amulet)
HPRegen  0.08/turn              (no ring)
MPRegen  0.10/turn              (no ring)

@: no status effects
A: sickness immunity, AC +3, negative energy resistance 1, electricity
resistance, torment resistance 1, petrification resistance
a: no special abilities


You were on level 1 of the Dungeon.
You visited 1 branch of the dungeon, and saw 2 of its levels.

You collected 68 gold pieces.

Inventory:

Hand Weapons
 d - a +0 dagger
 h - a +0 club (weapon)
Armour
 b - a +0 robe (worn)
 g - a +0 leather armour
Jewellery
 e - an amulet of reflection
 i - a ring of wizardry
Scrolls
 a - 3 scrolls of identify {unknown}
Potions
 f - a potion of invisibility {unknown}
 j - 2 potions of lignification {unknown}
 k - a potion of attraction {unknown}


   Skills:
 + Level 1.9 Maces & Flails
 - Level 1.5 Dodging
 - Level 2.1 Stealth
 - Level 2.0 Spellcasting
 - Level 0.7 Transmutations
 + Level 5.4 Earth Magic


You had 6 spell levels left.
You knew the following spells:

 Your Spells              Type           Power      Damage    Failure   Level
a - Sandblast             Erth           38%        2d10      2%          1

Your spell library contained the following spells:

 Spells                   Type           Power      Damage    Failure   Level
 Passwall                 Tmut/Erth      9%         N/A       9%          2
 Stone Arrow              Conj/Erth      20%        3d8       21%         3
 Petrify                  Tmut/Erth      11%        N/A       50%         4
 Blade Hands              Tmut           1%         N/A       99%         5
 Fireball                 Conj/Fire      0%         3d3       99%         5
 Irradiate                Conj/Tmut      1%         3d14      99%         5
 Starburst                Conj/Fire      0%         8x6d3     100%        6
 Dragon Form              Tmut           1%         N/A       100%        7
 Ignition                 Fire           0%         3d3       100%        8


Dungeon Overview and Level Annotations

Branches:
Dungeon (2/15)

Altars:


Innate Abilities, Weirdness & Mutations

You are immune to sickness and miasma.
Your stone body is resilient. (AC +3)
You are immune to poison.
You resist negative energy. (rN+)
You are resistant to electric shocks. (rElec)
You are resistant to unholy torment.
You are immune to petrification.


Message History

The kobold is heavily wounded.
The kobold hits you but does no damage.
You hit the kobold.
The kobold is severely wounded.
The kobold hits you but does no damage.
The kobold hits you with a +0 short sword.
* * * LOW HITPOINT WARNING * * *
You hit the kobold but do no damage.
The kobold is severely wounded.
The kobold closely misses you.
You closely miss the kobold.
The kobold is severely wounded.
The kobold hits you with a +0 short sword.
* * * LOW HITPOINT WARNING * * *
The kobold hits you but does no damage. The kobold hits you but does no damage.
You see here 26 arrows.
The kobold barely misses you.
There is a stone staircase leading down here.
You are too injured to fight recklessly!
You are too injured to fight recklessly!
You closely miss the kobold.
The kobold hits you with a +0 short sword.
The kobold barely misses you.
You barely miss the kobold. The kobold hits you but does no damage.
You barely miss the kobold. The kobold barely misses you.
You hit the kobold.
The kobold is heavily wounded.
The kobold barely misses you.
You hit the kobold.
The kobold is severely wounded.
The kobold barely misses you.
You hit the kobold.
You kill the kobold!
Things that are here:
a +0 short sword; a kobold corpse You start resting.
HP restored.
Unknown command.
Are you sure you want to abandon this character and quit the game? (Confirm with "yes".)

# #.#.....# #.# # #.#..>..###
###.# ###.#.......#
####...#########
.##.#....##.###....####......#
.##.#...............###......#
.....###.............##......#
......................#......#
###.##.......................#
................@............#
###.##................#......#
# #.##................#......#
###.#........>........#....[.#
.....(........#.....###......#
........##..######### ########
........###.# ....##### #.#
###..## #.#


There were no monsters in sight!

Vanquished Creatures
  2 adders (D:2)
  2 worms (D:2)
  A dart slug (D:1)
  2 ball pythons (D:2)
  4 endoplasms
  2 giant cockroaches (D:1)
  7 goblins
  3 hobgoblins
  7 jackals (D:1)
  3 quokkas
  6 bats
  A frilled lizard (D:2)
  4 kobolds
  3 rats
47 creatures vanquished.

Notes
Turn   | Place    | Note
-------+----------+-------------------------------------------
     0 | D:1      | MacCMillion the Gargoyle Earth Elementalist began the quest
                  | for the Orb.
     0 | D:1      | Reached XP level 1. HP: 10/10 MP: 3/3
   382 | D:1      | Reached skill level 4 in Earth Magic
   511 | D:1      | Reached XP level 2. HP: 15/15 MP: 1/5
  1235 | D:1      | Reached XP level 3. HP: 18/19 MP: 3/6
  1511 | D:2      | Reached skill level 1 in Maces & Flails
  1511 | D:2      | Reached skill level 5 in Earth Magic
  2091 | D:2      | Reached XP level 4. HP: 24/24 MP: 7/7
  3185 | D:1      | Quit the game

Illustrated notes

Levels and vault maps discovered:
D:1:      lemuel_arrival_lava_pool, layout_rooms, st_stairs_7
D:2:      layout_loops_ring, minmay_pentomino_t2

Skill      XL: |  1  2  3 |
---------------+----------+-----
Earth Magic    | 4 5 |  5.4
Maces & Flails | 1 |  1.9
Dodging        | |  1.5
Stealth        | |  2.1
Spellcasting   | |  2.0
Transmutations | |  0.7

Action                   |  1- 3 |  4- 6 || total
-------------------------+-------+-------++-------
Melee: Dagger            |    65 |       ||    65
       Club              |    36 |    59 ||    95
 Cast: Sandblast         |    44 |     5 ||    49
  Use: Scroll            |     1 |       ||     1
       Potion            |     1 |       ||     1
 Stab: Sleeping          |     2 |     1 ||     3
Armor: Robe              |    65 |    17 ||    82
Dodge: Dodged            |    91 |    31 ||   122

Table legend: (Time is in decaauts)
 A = Elapsed time spent in this place.
 B = Non-inter-level travel time spent in this place.
 C = Inter-level travel time spent in this place.
 D = Time resting spent in this place.
 E = Time spent auto-exploring this place.
 F = Levels seen in this place.
 G = Mean time per level.
                   A        B        C        D        E       F      G
               +--------+--------+--------+--------+--------+-----+--------+
         Total |   3204 |   3180 |     24 |    968 |   1491 |   2 | 1602.0 |
       Dungeon |   3204 |   3180 |     24 |    968 |   1491 |   2 | 1602.0 |
               +--------+--------+--------+--------+--------+-----+--------+

Top non-repeatable levels by time:
     D:1: 1833 daAuts
     D:2: 1371 daAuts
